 Dungeon Crawl Stone Soup version 0.31-a0-880-g9a209b2425 (webtiles) character file.

Game seed: 8858329594762243789

78 BinkBink the Shield-Bearer (level 4, -2/45 HPs)
             Began as a Troll Fighter on Oct 15, 2023.
             Killed by divine providence
             ... invoked by an orc priest
              (13 damage)
             ... on level 3 of the Dungeon.
             The game lasted 00:01:46 (1438 turns).

BinkBink the Shield-Bearer (Troll Fighter)          Turns: 1438, Time: 00:01:47

Health: -2/45      AC:  4    Str: 26    XL:     4   Next: 15%
Magic:  3/3        EV:  9    Int:  4    God:
Gold:   144        SH:  7    Dex:  9    Spells: 3/3 levels left

rFire   . .          .
                       - Unarmed
rCold   . . .        b - +0 kite shield
rNeg    . . .        a - +0 robe
rPois   .            (helmet restricted)
rElec   .            (no cloak)
rCorr   .            (gloves unavailable)
SInv    .            (boots unavailable)
Will    .....        (no amulet)
Stlth   +            (no ring)
HPRegen 1.07/turn    (no ring)
MPRegen 0.08/turn

%: no passive effects
@: no status effects
A: large, unfitting armour, claws 3, regeneration 1, shaggy fur 1, tough skin 1
a: no special abilities


You were on level 3 of the Dungeon.
You visited 1 branch of the dungeon, and saw 3 of its levels.

You collected 144 gold pieces.

Inventory:

Armour
 a - a +0 robe (worn)
 b - a +0 kite shield (worn)
Scrolls
 f - a scroll of enchant weapon {unknown}
 h - a scroll of identify {unknown}
 i - a scroll of immolation {unknown}
 j - a scroll of enchant armour {unknown}
 l - a scroll of teleportation {unknown}
 m - a scroll of poison {unknown}
Potions
 c - 2 potions of might
 d - 2 potions of curing {unknown}
 e - a potion of invisibility {unknown}
 g - 2 potions of resistance {unknown}
 k - a potion of heal wounds {unknown}


   Skills:
 + Level 3.0 Fighting
 + Level 2.9 Dodging
 + Level 3.2 Shields
 + Level 2.8 Unarmed Combat


You had 3 spell levels left.
You didn't know any spells.
Your spell library contained the following spells:

 Spells                   Type           Power      Damage    Failure   Level
 Necrotise                Necr           0%         1d4       75%         1
 Summon Small Mammal      Summ           0%         N/A       75%         1
 Vampiric Draining        Necr           0%         2d6       98%         3
 Agony                    Necr           0%         N/A       100%        5
 Alistair's Intoxication  Tmut/Pois      0%         N/A       100%        5
 Monstrous Menagerie      Summ           0%         N/A       100%        7


Dungeon Overview and Level Annotations

Branches:
Dungeon (3/15)

Altars:
Yredelemnul

Shops:
D:2 !

Annotations:
D:2 1 runed translucent door, Crazy Yiuf


Innate Abilities, Weirdness & Mutations

You are too large for most types of armour.
You have claws for hands.
Your natural rate of healing is unusually fast.
You are covered in fur. (AC +1)
You have tough skin. (AC +1)


Message History

You scratch the hobgoblin.
You kill the hobgoblin!
No target in view!
No target in view!
You now have 144 gold pieces (gained 17).
Found a ring mail.
Found 4 stones.
A ball python comes into view.
The ball python hisses angrily.
A ball python is nearby!
A worm comes into view.
You claw the ball python!
You kill the ball python!
An orc comes into view. It is wielding a +0 mace.
Found a trident.
The orc shouts!
An orc priest comes into view. It is wielding a +0 trident.
Found a stone staircase leading up.
The orc priest shouts!
The worm bites you!
An orc priest comes into view. It is wielding a +0 morningstar.
The orc priest shouts!
You claw the worm!
The worm is severely wounded.
You claw the worm!
You kill the worm!
The orc priest invokes the aid of Beogh against you.
Beogh smites you!
An orc priest comes into view. It is wielding a +0 dagger.
Your Fighting skill increases to level 3!
The orc priest invokes the aid of Beogh against you.
Beogh smites you!
The orc priest shouts!
The orc priest calls down the wrath of Beogh upon you.
Beogh smites you!
* * * LOW HITPOINT WARNING * * *
The orc priest looks satisfied for a moment.
The orc priest mumbles some strange prayers to Beogh against you.
Beogh smites you!
You die...

#...............
#.....o.........
#...............
#....†.oo......#
#.#...........##
#.####..........
#.# ##..o####.<.
#.###..#.# #.
#.##....@#
#.######.# #.#
#.# #.# #.#
#.######.##
#......#<.#
#...†..#..#####
#.............#
##............#


You could see 3 orc priests and an orc.

Vanquished Creatures
  An adder (D:2)
  2 worms
  3 dart slugs
  2 ball pythons
  7 endoplasms
  A giant cockroach (D:1)
  4 goblins (D:1)
  6 hobgoblins
  3 jackals (D:1)
  4 quokkas
  6 bats (D:1)
  3 frilled lizards
  6 kobolds (D:1)
  5 rats
53 creatures vanquished.

Notes
Turn   | Place    | Note
-------+----------+-------------------------------------------
     0 | D:1      | BinkBink the Troll Fighter began the quest for the Orb.
     0 | D:1      | Reached XP level 1. HP: 22/22 MP: 0/0
   136 | D:1      | Reached XP level 2. HP: 29/29 MP: 1/1
   268 | D:1      | Got a resplendent book
   319 | D:1      | Reached XP level 3. HP: 36/36 MP: 2/2
   818 | D:2      | Found a runed translucent door.
   819 | D:2      | Noticed Crazy Yiuf
   897 | D:2      | Reached XP level 4. HP: 44/44 MP: 3/3
  1153 | D:2      | Found a basalt altar of Yredelemnul.
  1158 | D:2      | Found Cuw Quor's Distillery.
  1438 | D:3      | Killed from afar by an orc priest

Illustrated notes

Levels and vault maps discovered:
D:1:      nicolae_arrival_memento_mori, layout_basic, minmay_close_crescents
D:2:      layout_loops_corners, serial_shops, shop, basic_altar,
          minmay_misc_feat_plants, uniq_crazy_yiuf_cottage
D:3:      layout_rooms, wad_orctagon

Skill      XL: |  1  2  3  4 |
---------------+-------------+-----
Shields        | 3 |  3.2
Fighting       | 3 |  3.0
Dodging        | |  2.9
Unarmed Combat | |  2.8

Action                     |  1- 3 |  4- 6 || total
---------------------------+-------+-------++-------
  Melee: Unarmed           |   140 |    16 ||   156
 Armour: Robe              |    76 |     4 ||    80
  Dodge: Dodged            |    50 |     3 ||    53
  Block: Kite shield       |    46 |     5 ||    51

Table legend: (Time is in decaauts)
 A = Elapsed time spent in this place.
 B = Non-inter-level travel time spent in this place.
 C = Inter-level travel time spent in this place.
 D = Time resting spent in this place.
 E = Time spent auto-exploring this place.
 F = Levels seen in this place.
 G = Mean time per level.
                   A        B        C        D        E       F      G
               +--------+--------+--------+--------+--------+-----+--------+
         Total |   1447 |   1398 |     49 |      0 |   1072 |   3 |  482.3 |
       Dungeon |   1447 |   1398 |     49 |      0 |   1072 |   3 |  482.3 |
               +--------+--------+--------+--------+--------+-----+--------+

Top non-repeatable levels by time:
     D:2: 854 daAuts
     D:1: 551 daAuts
     D:3: 41 daAuts
